 Dungeon Crawl Stone Soup version 0.25.1-2-g60ff931df9 (webtiles) character file.

Game seed: 11959521256502496172

195 Almogavar the Poker (level 5, -5/40 HPs)
             Began as a Merfolk Gladiator on Sept 19, 2020.
             Engulfed by a cloud of flame (23 damage)
             ... on level 5 of the Dungeon.
             The game lasted 00:07:34 (2311 turns).

Almogavar the Poker (Merfolk Gladiator)             Turns: 2311, Time: 00:07:36

Health: -5/40      AC:  4    Str: 14    XL:     5   Next: 74%
Magic:  5/5        EV: 14    Int:  8    God:
Gold:   90         SH:  3    Dex: 16    Spells: 4/4 levels left

rFire    . . .     SeeInvis .   a - +1 trident
rCold    + . .     Gourm    .   r - +0 buckler
rNeg     . . .     Faith    .   b - +0 leather armour
rPois    .         Spirit   .   c - +0 helmet
rElec    .         Reflect  .   (no cloak)
rCorr    .         Harm     .   (no gloves)
MR       .....                  (no boots)
Stlth    +.........             h - amulet of regeneration
HPRegen  0.53/turn              e - ring of protection from cold
MPRegen  0.09/turn              (no ring)

@: no status effects
A: change form in water, swift swim, stealthy swim
a: no special abilities


You were on level 5 of the Dungeon.
You were hungry.

You visited 1 branch of the dungeon, and saw 4 of its levels.

You collected 90 gold pieces.

Inventory:

Hand Weapons
 a - a +1 trident (weapon)
Missiles
 d - 3 throwing nets (quivered)
Armour
 b - a +0 leather armour (worn)
 c - a +0 helmet (worn)
 o - a +0 scale mail
 q - a +0 chain mail
 r - a +0 buckler (worn)
Jewellery
 e - a ring of protection from cold (left hand)
 h - an amulet of regeneration (around neck)
 j - an uncursed amulet of the acrobat
Scrolls
 p - a scroll of teleportation
Potions
 i - a potion of flight {unknown}
 k - a potion of curing {unknown}
 l - a potion of haste {unknown}
 m - 2 potions of heal wounds
Comestibles
 f - 6 rations


   Skills:
 + Level 2.9 Fighting
 + Level 6.9 Polearms
 + Level 2.1 Throwing
 + Level 1.4 Armour
 + Level 5.1 Dodging
 + Level 0.2 Stealth


You had 4 spell levels left.
You didn't know any spells.
Your spell library was empty.

Dungeon Overview and Level Annotations

Branches:
Dungeon (3/15)

Altars:


Message History

The crimson imp closely misses you. The crimson imp hits you.
You hit the crimson imp.
Flame seeps out of the crimson imp.
The crimson imp is almost dead.
The crimson imp hits you but does no damage.
You miss the crimson imp.
The crimson imp is severely wounded.
The crimson imp closely misses you.
You hit the crimson imp but do no damage.
The crimson imp is severely wounded.
The crimson imp barely misses you.
Your leather armour prevents you from hitting the crimson imp.
The crimson imp is severely wounded.
The crimson imp hits you but does no damage.
You puncture the crimson imp!
The crimson imp explodes!
The fiery explosion engulfs you!!
Ouch! That really hurt!
You are engulfed in blazing flames.
Ouch! That really hurt!
You die...

#.#.#
#.#.#
#.#.#
###.#.###
.......
#§§..#
#.§..#
#§@..#
##.#.#
#(# # #.#
#.# #.#
..# ###


There were no monsters in sight!

Vanquished Creatures
  A crimson imp (D:5)
  A hound (D:3)
  Terence (D:1)
  A worker ant zombie (D:2)
  2 adders
  2 worms
  2 dart slugs
  2 orcs (D:3)
  7 giant cockroaches
  4 goblins
  6 hobgoblins
  6 jackals (D:2)
  8 kobolds
  9 bats
  7 frilled lizards
  6 rats
65 creatures vanquished.

Notes
Turn   | Place    | Note
-------+----------+-------------------------------------------
     0 | D:1      | Almogavar the Merfolk Gladiator began the quest for the
                  | Orb.
     0 | D:1      | Reached XP level 1. HP: 16/16 MP: 1/1
   177 | D:1      | Reached XP level 2. HP: 22/22 MP: 2/2
   365 | D:1      | Reached skill level 5 in Polearms
   386 | D:1      | Reached XP level 3. HP: 26/28 MP: 3/3
  1233 | D:2      | Reached XP level 4. HP: 21/34 MP: 4/4
  1373 | D:2      | Noticed Terence
  1445 | D:1      | Killed Terence
  1445 | D:1      | Reached skill level 1 in Armour
  1565 | D:2      | Reached skill level 5 in Dodging
  1601 | D:2      | Reached skill level 6 in Polearms
  1817 | D:3      | Reached XP level 5. HP: 34/40 MP: 5/5
  2292 | D:3      | You fall into a shaft and drop 2 floors!
  2292 | D:5      | Entered Level 5 of the Dungeon
  2311 | D:5      | Engulfed by a cloud of flame

Illustrated notes

Levels and vault maps discovered:
D:1:      wheals_arrival_linesprint, layout_basic
D:2:      layout_rooms, uniq_terence
D:3:      layout_loops_ring, minmay_circle_x, uniq_natasha
D:5:      layout_basic, grunt_temple_overflow_growth_and_decay, first_ration,
          gup_sewer_entry_glass, nicolae_ossuary_entry_giza, uniq_sigmund,
          uniq_duvessa

Skill      XL: |  1  2  3  4 |
---------------+-------------+-----
Polearms       | 5 6 |  6.9
Armour         | 1 |  1.4
Dodging        | 5 |  5.1
Fighting       | |  2.9
Throwing       | |  2.1
Stealth        | |  0.2

Action                   |  1- 3 |  4- 6 || total
-------------------------+-------+-------++-------
Melee: Trident           |   120 |   130 ||   250
  Use: Scroll            |       |     4 ||     4
 Stab: Sleeping          |       |     1 ||     1
  Eat: Chunk             |     1 |     3 ||     4
Armor: Leather armour    |    19 |    41 ||    60
Dodge: Dodged            |    68 |   137 ||   205
Block: Buckler           |       |     3 ||     3
